 Dungeon Crawl Stone Soup version 0.26.1-11-gd32895ea62 (webtiles) character file.

Game seed: 3026747596869623480

327 Mattiprrivan the Skirmisher (level 6, -1/38 HPs)
             Began as a Tengu Abyssal Knight on June 22, 2021.
             Was a Believer of Lugonu.
             Slain by an adder (3 damage)
             ... on level 4 of the Dungeon.
             The game lasted 00:26:25 (2996 turns).

Mattiprrivan the Skirmisher (Tengu Abyssal Knight)  Turns: 2996, Time: 00:26:26

Health: -1/38      AC:  6    Str: 15    XL:     6   Next: 50%
Magic:  8/8        EV: 15    Int: 12    God:    Lugonu [**....]
Gold:   191        SH:  0    Dex: 13    Spells: 5/5 levels left

rFire    . . .     SeeInvis .   a - +4 spear
rCold    . . .     Faith    .   (no shield)
rNeg     . . .     Spirit   .   e - +0 ring mail
rPois    .         Reflect  .   i - +1 hat
rElec    .         Harm     .   (no cloak)
rCorr    .         Rampage  .   (no gloves)
Will     .....     Rnd*Rage +   (boots unavailable)
Stlth    ++........             (no amulet)
HPRegen  0.12/turn              f - ring of stealth
MPRegen  0.11/turn              b - +4 ring of evasion

@: no status effects
A: beak, talons 3, berserk 1, mutation resistance 1, able to fly
a: Fly, Renounce Religion, Depart the Abyss, Bend Space


You were on level 4 of the Dungeon.
You worshipped Lugonu.
Lugonu was pleased with you.
You visited 1 branch of the dungeon, and saw 4 of its levels.
You visited the Abyss 1 time.

You collected 191 gold pieces.

Inventory:

Hand Weapons
 a - a +4 spear (weapon)
Missiles
 c - 3 javelins (quivered)
 k - 5 poisoned darts
Armour
 e - a +0 ring mail (worn)
 i - a +1 hat (worn)
Jewellery
 b - a +4 ring of evasion (right hand)
 d - an uncursed ring of willpower
 f - a ring of stealth (left hand)
Scrolls
 j - a scroll of identify
Potions
 h - a potion of lignification
 m - a potion of might


   Skills:
 * Level 4.0 Fighting
 * Level 3.7 Polearms
 * Level 2.2 Throwing
 * Level 3.1 Armour
 * Level 2.2 Dodging
 * Level 1.8 Stealth
 * Level 1.6 Unarmed Combat
 * Level 2.2 Invocations


You had 5 spell levels left.
You didn't know any spells.
Your spell library was empty.

Dungeon Overview and Level Annotations

Branches:
Dungeon (4/15)
 Temple: D:4-7

Altars:


Innate Abilities, Weirdness & Mutations

You have a beak for a mouth.
You have claws for feet.
You can fly continuously.
You tend to lose your temper in combat.
You are somewhat resistant to further mutation.


Message History

You feel sick. The hound barely misses you. The hound closely misses you.
You feel sick. The hound barely misses you. The hound closely misses you.
You feel sick.
You are no longer poisoned.
The howler monkey hoots and howls with incredible vigour!
The hound misses you.
You hear an angry hiss.
You hear a shout! x2
You hear an angry hiss.
An adder comes into view.
The adder hisses angrily.
The hound bites you but does no damage.
An adder comes into view.
The orc wizard is no longer moving quickly.
The hound stops to sniff the ground.
The hound bites you but does no damage.
A quokka comes into view.
The adder bites you.
You die...

...†..#####..##.## ##### #..##
# ....#.#...........###...#
#.## .........(......r..##...#
#.# #...#...............#...#
#.#
##..................#...###.#
.............)......#o...S..#
...##...............oo..##S.# #
.#.##...........<.o.....##h.#.#
.#..............@SSl.h..##..#.#
##.###..........hoo##...##.h#.#
................B.########....#
#.#...#.....###.#########....##
#......#.......S...S.h{###....#
#......#..........####h.....#.#
..l#..#######'###### ####..##.#
##.#.# #...# ..## # ... .'.8.+
#...


You could see a howler monkey, a hound, an orc wizard, 3 adders, 5 orcs, a
leopard gecko, a quokka and a giant cockroach.

Vanquished Creatures
  A howler monkey (D:4)
  Jessica (D:2)
  Natasha (thrice) (D:2)
  7 gnolls (D:2)
  4 adders
  2 oozes
  3 worms
  A dart slug (D:2)
  A ball python (D:2)
  4 giant cockroaches
  6 goblins
  7 hobgoblins
  16 jackals
  A quokka (D:2)
  2 bats
  A frilled lizard (D:4)
  6 kobolds
  3 rats
69 creatures vanquished.

Notes
Turn   | Place    | Note
-------+----------+-------------------------------------------
     0 | Abyss:1  | Mattiprrivan the Tengu Abyssal Knight began the quest for
                  | the Orb.
     0 | Abyss:1  | Reached XP level 1. HP: 14/14 MP: 3/3
    41 | Abyss:1  | Found a corrupted altar of Lugonu.
   132 | Abyss:1  | Noticed a wretched star
   168 | Abyss:1  | Noticed a green ugly thing
   169 | D:1      | Escaped the Abyss
   429 | D:1      | Reached XP level 2. HP: 12/19 MP: 4/4
   733 | D:1      | Reached * piety under Lugonu
  1251 | D:2      | Reached XP level 3. HP: 23/23 MP: 5/5
  1331 | D:2      | Gained mutation: Your magical capacity is low. (-10% MP)
                  | [potion of mutation]
  1331 | D:2      | Gained mutation: You tend to lose your temper in combat.
                  | [potion of mutation]
  1331 | D:2      | Lost mutation: Your magical capacity is low. (-10% MP)
                  | [potion of mutation]
  1331 | D:2      | Gained mutation: You are somewhat resistant to further
                  | mutation. [potion of mutation]
  1408 | D:2      | Noticed Jessica
  1412 | D:2      | Killed Jessica
  1413 | D:2      | Reached XP level 4. HP: 28/29 MP: 6/6
  1446 | D:2      | Reached skill level 1 in Throwing
  1446 | D:2      | Reached skill level 1 in Stealth
  1741 | D:2      | Noticed Natasha
  1749 | D:2      | Killed Natasha
  1750 | D:2      | Reached skill level 1 in Unarmed Combat
  1750 | D:2      | Gained mutation: You can fly continuously. [Tengu growth]
  1750 | D:2      | Reached XP level 5. HP: 30/33 MP: 7/7
  1976 | D:2      | Noticed Natasha
  1982 | D:2      | Killed Natasha
  2036 | D:2      | Reached ** piety under Lugonu
  2345 | D:2      | Noticed Natasha
  2355 | D:2      | Killed Natasha
  2356 | D:2      | Reached skill level 4 in Fighting
  2356 | D:2      | Reached XP level 6. HP: 19/38 MP: 8/8
  2887 | D:3      | You fall into a shaft and drop 1 floor!
  2996 | D:4      | Slain by an adder

Illustrated notes

Levels and vault maps discovered:
D:1:      mrwooster_arrival_arrow, layout_basic, minmay_tromino_i4
D:2:      layout_rooms, minmay_splitting_lines, uniq_natasha, uniq_jessica
D:3:      layout_rooms, uniq_terence
D:4:      layout_rooms, grunt_temple_overflow_cloverleaf,
          minmay_misc_feat_nine_boxes, grunt_ministairs_5,
          yredelemnul_altar_generic

Skill      XL: |  1  2  3  4  5 |
---------------+----------------+-----
Throwing       | 1 2 |  2.2
Stealth        | 1 |  1.8
Polearms       | 3 |  3.7
Unarmed Combat | 1 |  1.6
Dodging        | 2 |  2.2
Invocations    | 2 |  2.2
Fighting       | 4 |  4.0
Armour         | 3 |  3.1

Action                   |  1- 3 |  4- 6 || total
-------------------------+-------+-------++-------
Melee: Spear             |    58 |   103 ||   161
       Kick              |     7 |    14 ||    21
       Peck              |     5 |     6 ||    11
Throw: Javelin           |     8 |    33 ||    41
       Dart              |       |     5 ||     5
       Throwing net      |       |     3 ||     3
Invok: Depart the Abyss  |     1 |       ||     1
  Use: Scroll            |     8 |     5 ||    13
       Potion            |     6 |     6 ||    12
 Stab: Sleeping          |     3 |     2 ||     5
       Held in net/web   |       |     1 ||     1
Armor: Ring mail         |    15 |    29 ||    44
Dodge: Dodged            |    21 |    97 ||   118
